 Dungeon Crawl Stone Soup version 0.30.0-13-g156ef70053 (webtiles) character file.

Game seed: 5123236609776143679

20589 juan097 the Severer (level 12, 0/115 HPs)
             Began as a Minotaur Fighter on May 17, 2023.
             Was an Initiate of Gozag.
             Slain by a merfolk
             ... wielding a +0 trident
              (6 damage)
             ... on level 2 of the Lair of Beasts.
             The game lasted 00:19:30 (11949 turns).

juan097 the Severer (Minotaur Fighter)             Turns: 11949, Time: 00:19:31

Health: 0/115      AC: 17    Str: 30    XL:     12   Next: 46%
Magic:  11/11      EV: 11    Int:  5    God:    Gozag
Gold:   992        SH:  5    Dex: 12    Spells: 11/11 levels left

rFire   . . .        w - +1 war axe (venom)
rCold   . . .        c - +0 buckler
rNeg    . . .        k - +0 storm dragon scales
rPois   .            y - +2 hat
rElec   +            x - +0 cloak
rCorr   .            (no gloves)
SInv    .            (no boots)
Will    +....        (no amulet) Stlth
                     H - +6 ring of strength
HPRegen 0.39/turn    K - ring of willpower
MPRegen 0.12/turn

%: no passive effects
@: mighty, invisible
A: horns 2, retaliatory headbutt
a: Renounce Religion, Potion Petition, Call Merchant, Bribe Branch


You were on level 2 of the Lair of Beasts.
You worshipped Gozag.
Gozag was pleased with you.
You visited 2 branches of the dungeon, and saw 12 of its levels.

You collected 2581 gold pieces.
You spent 360 gold pieces at shops.
You paid 1229 gold pieces to Gozag.

Inventory:

Hand Weapons
 a - a +1 hand axe of electrocution
 b - a +0 sling
 w - a +1 war axe of venom (weapon)
 D - a +0 war axe
Missiles
 q - 19 boomerangs (quivered)
 M - a curare-tipped dart
 O - 5 throwing nets
 U - 9 poisoned darts
Armour
 c - a +0 buckler (worn)
 k - +0 storm dragon scales (worn)
 x - a +0 cloak (worn)
 y - a +2 hat (worn)
 L - a +0 kite shield
Jewellery
 H - a +6 ring of strength (left hand)
 J - a ring of protection from cold
 K - a ring of willpower (right hand)
 R - a ring of protection from cold
 W - a ring of ice
Wands
 j - a wand of polymorph (12)
 p - a wand of digging (12)
 C - a wand of light (14)
 P - a wand of charming (13)
 T - a wand of roots (2)
 X - a wand of mindburst (6)
Scrolls
 e - 3 scrolls of magic mapping
 f - a scroll of torment
 g - 6 scrolls of enchant weapon
 m - a scroll of immolation
 n - 4 scrolls of teleportation
 o - 2 scrolls of silence
 r - 2 scrolls of blinking
 t - a scroll of acquirement
 u - 3 scrolls of vulnerability
 z - a scroll of amnesia {unknown}
 B - a scroll of butterflies {unknown}
 G - 2 scrolls of enchant armour {unknown}
 I - 2 scrolls of fog {unknown}
 S - 3 scrolls of poison {unknown}
Potions
 d - 2 potions of might
 h - 8 potions of curing
 i - 2 potions of resistance
 l - 4 potions of mutation
 s - 3 potions of attraction {unknown}
 v - 4 potions of brilliance
 A - 5 potions of heal wounds {unknown}
 E - 4 potions of haste {unknown}
 F - 2 potions of invisibility
 N - a potion of magic
 Q - a potion of lignification {unknown}
 V - a potion of flight {unknown}
 Y - a potion of ambrosia {unknown}


   Skills:
 + Level 13.1 Fighting
 + Level 16.8 Axes
 + Level 9.7 Armour
 + Level 6.4 Dodging
 - Level 6.0 Shields
 + Level 3.9 Evocations


You had 11 spell levels left.
You didn't know any spells.
Your spell library contained the following spells:

 Spells                   Type           Power      Damage    Failure   Level
 Kiss of Death            Conj/Necr      0%         2d5       94%         1
 Magic Dart               Conj           0%         1d3       94%         1
 Shock                    Conj/Air       0%         1d3       94%         1
 Blink                    Tloc           0%         N/A       98%         2
 Call Imp                 Summ           0%         N/A       98%         2
 Cigotuvi's Dreadful Rot  Necr/Pois/Air  0%         N/A       98%         2
 Lesser Beckoning         Tloc           0%         N/A       98%         2
 Momentum Strike          Conj/Tloc      0%         3d8       98%         2
 Poisonous Vapours        Pois/Air       0%         N/A       98%         2
 Confusing Touch          Hex            0%         N/A       100%        3
 Ignite Poison            Fire/Tmut/Pois 0%         N/A       100%        3
 Mephitic Cloud           Conj/Pois/Air  0%         N/A       100%        3
 Ozocubu's Armour         Ice            0%         N/A       100%        3
 Dispel Undead            Necr           0%         3d6       100%        4
 Leda's Liquefaction      Hex/Erth       0%         N/A       100%        4
 Freezing Cloud           Conj/Ice/Air   0%         6-21      100%        5
 Lee's Rapid Deconstruct  Erth           0%         3d4*      100%        5
 Statue Form              Tmut/Erth      0%         N/A       100%        6
 Storm Form               Tmut/Air       0%         N/A       100%        7


Dungeon Overview and Level Annotations

Branches:
Dungeon (10/15)            Temple (0/1) D:4            Lair (2/5) D:10
 Shoals (0/4) Lair:2
  Snake: Lair:2-3    Spider: Lair:2-3       Orc: D:9-12

Altars:
Fedhas
Gozag
Hepliaklqana
Makhleb
Ru
Sif Muna
Trog
Yredelemnul
Zin
The Shining One

Shops:
D:1 =   D:4 (   D:6 ?

Annotations:
Lair:1 2 transporters, exclusion: oklob plant, Imnulubo's ghost, novice TeFE


Innate Abilities, Weirdness & Mutations

You have a pair of horns on your head.
You reflexively headbutt those who attack you in melee.


Message History

You are too injured to fight recklessly!
You are too injured to fight recklessly!
You miss the merfolk.
You headbutt the merfolk, but do no damage.
The merfolk is distracted by your dazzling golden aura.
The merfolk throws a silver boomerang.
The silver boomerang hits you.
The merfolk hits you but does no damage.
The merfolk is no longer distracted by gold.
The merfolk throws a silver boomerang.
The silver boomerang hits you but does no damage.
The merfolk throws a boomerang.
The boomerang barely misses you.
The merfolk throws a silver boomerang.
The silver boomerang hits you.
The merfolk is distracted by your dazzling golden aura.
The merfolk is no longer distracted by gold.
The merfolk throws a silver boomerang.
The silver boomerang hits you!
The merfolk throws a boomerang.
The boomerang closely misses you.
Okay, then.
Okay, then.
You block the merfolk's attack.
The merfolk hits you from afar with a +0 trident!
* * * LOW HITPOINT WARNING * * *
The merfolk hits you with a +0 trident!
* * * LOW HITPOINT WARNING * * *
The merfolk hits you with a +0 trident!
* * * LOW HITPOINT WARNING * * *
[a] - 264 gold - brilliance and magic [b] - 650 gold - invisibility, might, lignification and resistance [c] - 288 gold - invisibility and might Purchase which effect?
You fade into invisibility!
You feel very mighty all of a sudden. The merfolk hits you with a +0 trident.
* * * LOW HITPOINT WARNING * * *
You block the merfolk's attack.
You catch the helpless merfolk completely off-guard!
You slice the merfolk!!
The merfolk looks as sick as possible!
You headbutt the merfolk!
The merfolk is severely wounded.
You closely miss the merfolk. The merfolk hits you with a +0 trident.
You die...
Your body crumbles into a pile of gold.

.......##........# .#
.....m###........#
..#
....m..##.......###.#
....$#####.......#..#
...#~..#........#...#
...#.~.##...........#
..
##~.!#.......#...##
.. ~~.##.#P#..m....#
. #~#.######.@....# .
~>.# ##.m...# ~#.#
##......# #P.....##
#......)###
##......#.#
##.........#
###.........P##
##............P#


You could see 2 merfolk.

Vanquished Creatures
  Harold (Lair:1)
  Erolcha (D:9)
  A centaur warrior (D:10)
  A two-headed ogre (D:10)
  A death yak (Lair:1)
  Lodul (D:10)
  Pikel (D:4)
  An orc knight (D:10)
  A black mamba (Lair:2)
  A gargoyle (D:10)
  2 rime drakes (Lair:2)
  A cane toad (Lair:2)
  An unseen horror (D:5)
  2 kobold demonologists
  6 komodo dragons
  2 merfolk (Lair:2)
  2 trolls
  A polar bear (Lair:2)
  12 blink frogs
  A slime creature (D:10)
  Sigmund (D:2)
  2 shadows
  4 wraiths
  12 yaks
  A wyvern (D:7)
  A basilisk (D:10)
  A steam dragon (D:8)
  3 vampire mosquitoes (D:10)
  Edmund (D:4)
  3 acid dragons (D:10)
  8 water moccasins
  5 orc warriors
  2 black bears
  6 centaurs
  6 ogres (D:10)
  3 phantoms
  2 kobold brigands
  5 bullfrogs
  A gnoll sergeant (D:10)
  2 scorpions
  12 killer bees
  4 howler monkeys
  A hound (D:5)
  9 orc priests
  3 jellies
  Crazy Yiuf (D:4)
  A sleepcap (D:7)
  4 iguanas
  10 orc wizards
  10 gnolls
  4 adders
  2 shadow imps
  2 white imps
  2 ufetubi (D:6)
  2 worms (D:3)
  4 dart slugs
  29 orcs
  6 bats
  4 endoplasms
  A giant cockroach (D:4)
  9 goblins
  7 hobgoblins
  2 jackals (D:3)
  10 kobolds
  4 quokkas
  6 ball pythons
  5 frilled lizards
  3 rats
266 creatures vanquished.

Notes
Turn   | Place    | Note
-------+----------+-------------------------------------------
     0 | D:1      | juan097 the Minotaur Fighter began the quest for the Orb.
     0 | D:1      | Reached XP level 1. HP: 19/19 MP: 0/0
    46 | D:1      | Reached XP level 2. HP: 8/27 MP: 1/1
   200 | D:1      | Reached skill level 3 in Axes
   264 | D:1      | Found Uqess's Jewellery Emporium.
   438 | D:1      | Reached skill level 1 in Dodging
   440 | D:1      | Reached XP level 3. HP: 32/33 MP: 2/2
  1421 | D:2      | Noticed Sigmund
  1446 | D:2      | Killed Sigmund
  1447 | D:2      | Reached skill level 4 in Axes
  1447 | D:2      | Reached XP level 4. HP: 22/41 MP: 3/3
  1447 | D:2      | Reached XP level 5. HP: 25/47 MP: 4/4
  1999 | D:3      | Found an opulent altar of Gozag.
  2043 | D:3      | Found a bloodstained altar of Trog.
  2066 | D:3      | Reached XP level 6. HP: 51/53 MP: 5/5
  2225 | D:3      | Found a glowing silver altar of Zin.
  2627 | D:3      | Became a worshipper of Gozag Ym Sagoz the Greedy
  2690 | D:4      | Reached skill level 5 in Axes
  2931 | D:4      | Reached skill level 5 in Shields
  2936 | D:4      | Reached skill level 5 in Fighting
  2936 | D:4      | Reached skill level 5 in Armour
  3046 | D:4      | Found Muucwucuj's Antique Weapon Emporium.
  3064 | D:4      | Noticed Pikel
  3087 | D:4      | Killed Pikel
  3088 | D:4      | Reached skill level 6 in Axes
  3088 | D:4      | Reached XP level 7. HP: 45/62 MP: 6/6
  3170 | D:4      | Noticed Edmund
  3184 | D:4      | Killed Edmund
  3185 | D:4      | Reached skill level 7 in Axes
  3185 | D:4      | Reached XP level 8. HP: 62/70 MP: 7/7
  3238 | D:4      | Found a hazy altar of Hepliaklqana.
  3336 | D:4      | Found a staircase to the Ecumenical Temple.
  3575 | D:4      | Found a runed translucent door.
  3576 | D:4      | Noticed Crazy Yiuf
  3611 | D:4      | Killed Crazy Yiuf
  3948 | D:5      | Entered Level 5 of the Dungeon
  4235 | D:5      | Reached skill level 8 in Axes
  4291 | D:5      | Killed an unseen horror
  4646 | D:5      | Reached skill level 9 in Axes
  4652 | D:5      | Reached XP level 9. HP: 65/79 MP: 8/8
  5137 | D:6      | Reached skill level 10 in Axes
  5152 | D:6      | Noticed a kobold demonologist
  5160 | D:6      | Killed a kobold demonologist
  5336 | D:6      | Found Homedet's Magic Scroll Emporium.
  5344 | D:6      | Bought a scroll of teleportation for 36 gold pieces
  5344 | D:6      | Bought a scroll of identify for 24 gold pieces
  5344 | D:6      | Bought a scroll of fear for 48 gold pieces
  5361 | D:6      | Bought a scroll of silence for 114 gold pieces
  5361 | D:6      | Bought a scroll of vulnerability for 48 gold pieces
  5361 | D:6      | Bought a scroll of enchant weapon for 90 gold pieces
  5373 | D:6      | Identified the +4 long sword "Bafiolyg" {spect, rN+}
  5551 | D:6      | Got Neoxofid's Almanac of Cheese
  5808 | D:7      | Reached skill level 11 in Axes
  6062 | D:7      | Reached XP level 10. HP: 74/91 MP: 9/9
  6448 | D:8      | Reached skill level 12 in Axes
  6850 | D:8      | Found a basalt altar of Yredelemnul.
  6852 | D:8      | Noticed a profane servitor
  6884 | D:8      | Found a glowing golden altar of the Shining One.
  7093 | D:8      | Found a shimmering blue altar of Sif Muna.
  7144 | D:8      | Noticed an angel
  7482 | D:9      | Found a sacrificial altar of Ru.
  7482 | D:9      | Found a burning altar of Makhleb.
  7759 | D:9      | Noticed Erolcha
  7781 | D:9      | Killed Erolcha
  7782 | D:9      | Reached skill level 10 in Fighting
  7782 | D:9      | Reached skill level 13 in Axes
  8073 | D:10     | Entered Level 10 of the Dungeon
  8144 | D:10     | Noticed Lodul
  8162 | D:10     | Killed Lodul
  8170 | D:10     | Reached skill level 14 in Axes
  8373 | D:10     | Noticed a gargoyle
  8374 | D:10     | Noticed a two-headed ogre
  8383 | D:10     | Killed a gargoyle
  8384 | D:10     | Reached XP level 11. HP: 61/102 MP: 10/10
  8386 | D:10     | Killed a two-headed ogre
  8620 | D:10     | Reached skill level 15 in Axes
  8924 | D:10     | Noticed a centaur warrior
  8936 | D:10     | Killed a centaur warrior
  9176 | D:10     | Noticed an orc knight
  9306 | D:10     | Found a blossoming altar of Fedhas.
  9342 | D:10     | Killed an orc knight
  9343 | D:10     | Reached skill level 16 in Axes
  9637 | D:10     | Found a staircase to the Lair.
 10014 | Lair:1   | Entered Level 1 of the Lair of Beasts
 10031 | Lair:1   | Noticed Harold
 10034 | Lair:1   | Reached skill level 1 in Evocations
 10076 | Lair:1   | Killed Harold
 10082 | Lair:1   | Noticed a skyshark
 10334 | Lair:1   | Reached skill level 5 in Dodging
 10523 | Lair:1   | Found a transporter.
 10550 | Lair:1   | Noticed an oklob plant
 10557 | Lair:1   | Noticed Imnulubo's ghost (novice TeFE)
 10762 | Lair:1   | Found a transporter.
 11025 | Lair:1   | Identified a scroll of acquirement
 11108 | Lair:2   | Reached XP level 12. HP: 110/113 MP: 11/11
 11144 | Lair:2   | Noticed a death yak
 11144 | Lair:2   | Noticed a death yak
 11144 | Lair:2   | Noticed a death yak
 11151 | Lair:2   | Noticed a death yak
 11152 | Lair:2   | Noticed a death yak
 11160 | Lair:1   | Killed a death yak
 11905 | Lair:2   | Found a staircase to the Shoals.
 11948 | Lair:2   | HP: 5/115 [merfolk/+0 trident (6)]
 11949 | Lair:2   | Slain by a merfolk

Illustrated notes

Levels and vault maps discovered:
D:1:      minmay_arrival_solitary_statue, layout_basic, serial_shops, shop
D:2:      minmay_door_path, layout_loops_corners, serial_forest,
          infiniplex_forest_lined_4_way, infiniplex_forest_end_1,
          infiniplex_forest_lined_ring, infiniplex_forest_straight_2,
          uniq_sigmund
D:3:      layout_basic, pdpol_temple_overflow_zin_treasury_gozag_greed,
          bloody_trog, chequers_serial_rivers_large_a
D:4:      layout_layer_cave, lemuel_crystal_altar,
          minmay_temple_entry_enclosed_plants, serial_shops, nicolae_shop_stone,
          uniq_pikel, uniq_crazy_yiuf_cottage, uniq_edmund
D:5:      kennysheep_big_flooded_room, layout_basic
D:6:      layout_cave_pools, serial_shops, shop, corexii_shack,
          grunt_ministairs_6, minmay_pentangle
D:7:      layout_rooms
D:8:      layout_rooms, grunt_temple_overflow_holy_war, lemuel_blue_sif_altar,
          hex_medium
D:9:      layout_roguey, nicolae_overflow_two_pavilions, uniq_erolcha
D:10:     cheibrodos_ideogram_h, layout_basic, mainiacjoe_overflow_chevrons,
          uniq_lodul
Lair:1:   layout_regular_city, nzn_ghost_randoct, uniq_harold
Lair:2:   layout_cave_pods, elwin_shoals_entry_stream,
          spider_nest_entry_funnel_web, grunt_megastairs_4

Skill      XL: |  1  2  3  4  5  6  7  8  9 10 11 12 |
---------------+-------------------------------------+-----
Axes           | 3 4 6 7 9 11 14 16 | 16.8
Dodging        | 1 2 3 4 5 6 |  6.4
Fighting       | 4 5 7 9 11 12 13 | 13.1
Shields        | 4 5 6 |  6.0
Armour         | 4 5 7 8 9 |  9.7
Evocations     | 2 3 |  3.9

Action                     |  1- 3 |  4- 6 |  7- 9 | 10-12 || total
---------------------------+-------+-------+-------+-------++-------
  Melee: War axe           |    85 |   112 |    88 |   220 ||   505
         Headbutt          |     8 |    16 |    33 |    88 ||   145
         Unarmed           |       |       |    10 |       ||    10
         Hand axe          |       |       |    82 |   194 ||   276
   Fire: Sling             |       |       |     1 |     1 ||     2
  Throw: Boomerang         |       |       |    22 |    31 ||    53
         Dart              |       |       |       |     1 ||     1
 Invoke: Potion Petition   |       |       |       |     3 ||     3
  Evoke: Wand              |       |       |     2 |     2 ||     4
    Use: Potion            |       |       |     1 |     2 ||     3
         Scroll            |       |       |     8 |     5 ||    13
   Stab: Distracted        |       |       |       |     4 ||     4
         Invisible         |       |       |       |     5 ||     5
 Armour: Scale mail        |    35 |       |       |       ||    35
         Storm dragon scal |     4 |    65 |   105 |   131 ||   305
  Dodge: Dodged            |    37 |    36 |    92 |   140 ||   305
  Block: Buckler           |    16 |    16 |    44 |    75 ||   151
